 Dungeon Crawl Stone Soup version 0.29-a0-375-g5102b3be25 (webtiles) character file.

Game seed: 13713857612701216080

1267 spaghetti the Insei (level 8, -5/60 HPs)
             Began as a Gnoll Transmuter on May 3, 2022.
             Slain by a gnoll sergeant
             ... wielding a +0 trident
              (11 damage)
             ... on level 5 of the Dungeon.
             The game lasted 00:15:24 (6782 turns).

spaghetti the Insei (Gnoll Transmuter)              Turns: 6782, Time: 00:15:25

Health: -5/60      AC:  2    Str: 10    XL:     8   Next: 53%
Magic:  17/17      EV: 14    Int: 15    God:
Gold:   253        SH:  0    Dex: 12    Spells: 3/19 levels left

rFire   x . .      SeeInvis .   n - +3 woodcutter's axe {vorpal}
rCold   + + .      Faith    .   (shield currently unavailable)
rNeg    . . .      Spirit   .   a - +0 robe
rPois   .          Reflect  .   (no helmet)
rElec   .          Harm     .   (no cloak)
rCorr   .          Rampage  .   (no gloves)
Will    .....      Rage     1%  (no boots)
Stlth   ++........              l - amulet of magic regeneration {@e2}
HPRegen 0.20/turn               g - ring of ice
MPRegen 0.55/turn               h - ring of protection from cold

@: wereblooded
A: fangs 1, strong nose, distributed training, berserk 1
a: no special abilities


You were on level 5 of the Dungeon.
You visited 1 branch of the dungeon, and saw 5 of its levels.
You also visited: Sewer.

You collected 253 gold pieces.


Innate Abilities, Weirdness & Mutations

You have very sharp teeth.
Your uncanny sense of smell can sniff out nearby items.
Your experience applies equally to all skills.
You tend to lose your temper in combat.


   Skills:
 + Level 4.3 Fighting
 + Level 3.3 Short Blades
 + Level 3.3 Long Blades
 + Level 3.3 Axes
 + Level 3.3 Maces & Flails
 + Level 3.3 Polearms
 + Level 3.3 Staves
 + Level 3.3 Slings
 + Level 3.3 Bows
 + Level 3.3 Crossbows
 + Level 3.3 Throwing
 + Level 3.3 Armour
 + Level 5.7 Dodging
 + Level 3.3 Stealth
 + Level 3.3 Shields
 + Level 7.4 Unarmed Combat
 + Level 6.1 Spellcasting
 + Level 2.7 Conjurations
 + Level 2.7 Hexes
 + Level 2.7 Summonings
 + Level 2.7 Necromancy
 + Level 2.7 Translocations
 + Level 4.7 Transmutations
 + Level 2.7 Fire Magic
 + Level 2.7 Ice Magic
 + Level 2.7 Air Magic
 + Level 2.7 Earth Magic
 + Level 2.7 Poison Magic
 + Level 3.7 Invocations
 + Level 3.3 Evocations


You had 3 spell levels left.
You knew the following spells:

 Your Spells              Type           Power      Damage    Failure   Level
a - Beastly Appendage     Tmut           36%        N/A       1%          1
b - Wereblood             Tmut           18%        N/A       3%          2
c - Spider Form           Tmut/Pois      15%        N/A       10%         3
d - Ignite Poison         Fire/Tmut/Pois 14%        N/A       11%         3
e - Mephitic Cloud        Conj/Pois/Air  12%        N/A       14%         3
f - Summon Lightning Spi  Summ/Air       12%        N/A       43%         4

Your spell library contained the following spells:

 Spells                   Type           Power      Damage    Failure   Level
 Foxfire                  Conj/Fire      48%        2x1d6     4%          1
 Summon Small Mammal      Summ           48%        N/A       4%          1
 Sublimation of Blood     Necr           12%        N/A       7%          2
 Call Canine Familiar     Summ           12%        N/A       14%         3
 Conjure Flame            Conj/Fire      12%        6-21      14%         3
 Inner Flame              Hex/Fire       12%        N/A       14%         3
 Summon Guardian Golem    Hex/Summ       12%        N/A       14%         3
 Ice Form                 Ice/Tmut       23%        N/A       30%         4
 Airstrike                Air            6%         N/A       43%         4
 Flame Wave               Conj/Fire      12%        2d6       43%         4
 Freezing Cloud           Conj/Ice/Air   9%         6-21      78%         5
 Lightning Bolt           Conj/Air       6%         1d18      78%         5
 Conjure Ball Lightning   Conj/Air       6%         3x3d6     100%        6
 Summon Hydra             Summ           6%         N/A       100%        7
 Discord                  Hex            6%         N/A       100%        8
 Disjunction              Tloc           6%         N/A       100%        8

Inventory:

Hand Weapons
 j - a +0 dagger of venom {short}
   (You took it off an orc on level 3 of the Dungeon)
 n - the +3 woodcutter's axe (weapon) {vorpal}
   (You took it off a gnoll sergeant on level 2 of the Dungeon)

   It inflicts extra damage upon your enemies.
Missiles
 e - 8 boomerangs {throwing}
 f - 121 stones (quivered) {throwing}
 p - 3 poisoned darts {throwing}
Armour
 a - a +0 robe (worn)
 q - a +0 buckler
   (You found it on level 2 of the Dungeon)
Jewellery
 g - a ring of ice (left hand)
   (You found it on level 1 of the Dungeon)
 h - a ring of protection from cold (right hand)
   (You found it on level 1 of the Dungeon)
 l - an amulet of magic regeneration (around neck) {@e2}
   (You found it on level 2 of the Dungeon)
 t - a ring of positive energy
   (You found it on level 4 of the Dungeon)
Scrolls
 b - 2 scrolls of teleportation {@r4}
 c - 2 scrolls of enchant weapon
 d - 2 scrolls of brand weapon
 m - 4 scrolls of noise {!r}
Potions
 k - a potion of resistance
 o - 3 potions of brilliance
 r - 3 potions of magic
 s - 6 potions of flight
 v - a potion of attraction {!q}

Dungeon Overview and Level Annotations

Branches:
Dungeon (5/15)              Sewer (visited)
 Temple: D:4-7

Altars:
Vehumet

#.# #.# #....# .# ##.#
#....##. .#.# .......
.#.# #.....# # .#.####
#.....#.# ......#
#......)# .#.##.##
#.....# .#.##..#
#)@g..# .#.###.#
#.)...# .#.# #.##
#.###### ##.#
#..#######$##...#
##.###...............#
...............(.......
##.#....###.#..(.....##
##.#.....##.#........#
...#.....##.#.....####


You could see a gnoll sergeant.


Message History

A gnoll sergeant and 3 gnolls come into view.
The gnoll shouts! x3
The gnoll misses you.
You slash the gnoll!
You kill the gnoll!
You barely miss the gnoll. The gnoll hits you with a +0 club.
You are too injured to fight recklessly!
You are too injured to fight recklessly!
You are too injured to fight recklessly!
You are too injured to fight recklessly! 😕 HP[-3]
You take 3 damage, and now have 57/60 hp.
You are too injured to fight recklessly!
You are too injured to fight recklessly!
You are too injured to fight recklessly!
You are too injured to fight recklessly!
You are too injured to fight recklessly!
You are too injured to fight recklessly!
You are too injured to fight recklessly!
You are too injured to fight recklessly!
You are too injured to fight recklessly!
You are too injured to fight recklessly!
You are too injured to fight recklessly!
You are too injured to fight recklessly!
You are too injured to fight recklessly!
Unknown command.
Unknown command.
Casting: Wereblood (safe; 3% risk of failure)
Confirm with . or Enter, or press ? or * to list all spells.
Your blood is infused with primal strength.
The gnoll barely misses you. 😕 MP[-1]
You lost 1 mp, and now have 16/17 mp.
You barely miss the gnoll. You hit the gnoll.
You hit the gnoll but do no damage.
The gnoll sergeant hits you from afar with a +0 trident!
The gnoll misses you. The gnoll hits you with a +0 flail.
The gnoll closely misses you. 😕 HP[-11]
You take 11 damage, and now have 46/60 hp.
You slash the gnoll!
You feel a bit better.
You kill the gnoll!
You closely miss the gnoll. You slash the gnoll!
You feel a bit better.
You kill the gnoll!
The gnoll sergeant barely misses you.
The gnoll barely misses you. 😕 HP[+2] MP[+1]
You regained 2 hp, and now have 48/60 hp.
Your mp is fully restored (17).
You barely miss the gnoll. You bite the gnoll.
The gnoll sergeant barely misses you. The gnoll closely misses you.
You closely miss the gnoll.
The gnoll sergeant hits you from afar with a +0 trident!
The gnoll closely misses you. 😮 HP[-9]
You take 9 damage, and now have 39/60 hp.
You howl as the wereblood boils in your veins!
The gnoll sergeant hits you with a +0 trident.
The gnoll hits you with a +0 flail!
* * * LOW HITPOINT WARNING * * *
You see here a +0 flail {mace}. 😨 HP[-11]
You take 11 damage, and now have 28/60 hp.
You hit the gnoll sergeant but do no damage.
You hit the gnoll. The gnoll sergeant barely misses you.
The gnoll hits you with a +0 flail!
* * * LOW HITPOINT WARNING * * *
😨 HP[-10]
You take 10 damage, and now have 18/60 hp.
You closely miss the gnoll. Your bite misses the gnoll.
You barely miss the gnoll sergeant.
You howl as the wereblood boils in your veins!
The gnoll sergeant hits you with a +0 trident!
* * * LOW HITPOINT WARNING * * *
The gnoll closely misses you. 😱 HP[-13]
You take 13 damage, and now have 5/60 hp.
MASSIVE DAMAGE!! (PAUSE) Unknown command.
You feel much better. The gnoll sergeant misses you.
The gnoll closely misses you. 😨 HP[+18]
You regained 18 hp, and now have 23/60 hp.
You slice the gnoll!!
You feel a bit better.
You kill the gnoll!
You hit the gnoll sergeant but do no damage.
The gnoll sergeant hits you with a +0 trident!
* * * LOW HITPOINT WARNING * * *
😱 HP[-8]
You take 8 damage, and now have 15/60 hp.
You hit the gnoll sergeant but do no damage.
The gnoll sergeant barely misses you.
You hit the gnoll sergeant.
The gnoll sergeant hits you with a +0 trident!
* * * LOW HITPOINT WARNING * * *
😱 HP[-9]
You take 9 damage, and now have 6/60 hp.
You hit the gnoll sergeant.
You bite the gnoll sergeant, but do no damage.
The gnoll sergeant hits you with a +0 trident!
You die...

Skill      XL: |  1  2  3  4  5  6  7  8 |
---------------+-------------------------+-----
Spellcasting   | 5 6 |  6.1
Invocations    | 1 2 3 |  3.7
Short Blades   | 1 2 3 |  3.3
Long Blades    | 1 2 3 |  3.3
Axes           | 1 2 3 |  3.3
Maces & Flails | 1 2 3 |  3.3
Polearms       | 1 2 3 |  3.3
Staves         | 1 2 3 |  3.3
Slings         | 1 2 3 |  3.3
Bows           | 1 2 3 |  3.3
Crossbows      | 1 2 3 |  3.3
Throwing       | 1 2 3 |  3.3
Armour         | 1 2 3 |  3.3
Stealth        | 1 2 3 |  3.3
Shields        | 1 2 3 |  3.3
Evocations     | 1 2 3 |  3.3
Conjurations   | 1 2 |  2.7
Hexes          | 1 2 |  2.7
Summonings     | 1 2 |  2.7
Necromancy     | 1 2 |  2.7
Translocations | 1 2 |  2.7
Fire Magic     | 1 2 |  2.7
Ice Magic      | 1 2 |  2.7
Air Magic      | 1 2 |  2.7
Earth Magic    | 1 2 |  2.7
Poison Magic   | 1 2 |  2.7
Fighting       | 3 4 |  4.3
Transmutations | 4 |  4.7
Dodging        | 5 |  5.7
Unarmed Combat | 7 |  7.4

Action                   |  1- 3 |  4- 6 |  7- 9 || total
-------------------------+-------+-------+-------++-------
Melee: Unarmed           |    74 |    30 |       ||   104
       Bite              |     8 |     8 |    12 ||    28
       Kick              |     7 |       |     7 ||    14
       Headbutt          |     3 |       |     3 ||     6
       Dagger            |       |    17 |       ||    17
       Punch             |       |     1 |       ||     1
       Battleaxe         |       |   136 |   105 ||   241
Throw: Stone             |       |    31 |    28 ||    59
 Cast: Beastly Appendage |     7 |       |     5 ||    12
       Mephitic Cloud    |     2 |     2 |       ||     4
       Spider Form       |     1 |     6 |       ||     7
       Wereblood         |     1 |     1 |     6 ||     8
       Ignite Poison     |       |     1 |       ||     1
  Use: Potion            |     3 |     3 |     3 ||     9
       Scroll            |       |     9 |     2 ||    11
 Stab: Confused          |     4 |     1 |       ||     5
       Sleeping          |       |     7 |     1 ||     8
Armor: Robe              |     7 |    33 |     6 ||    46
       Skin              |     3 |       |       ||     3
Dodge: Dodged            |    52 |   150 |    55 ||   257

Levels and vault maps discovered:
D:1:      onia_arrival_pyramid, layout_loops_ring
D:2:      layout_basic, shapermc_ecumenical_altar_mp_highgroup,
          interstate_on_off, pf_guarded_unrand_woodcutter, uniq_terence
D:3:      layout_loops_cross
D:4:      layout_basic, overflow_temple_1_default, portal_sewer_entry_b
D:5:      layout_basic, uniq_grinder

Notes
Turn   | Place    | Note
-------+----------+-------------------------------------------
     0 | D:1      | spaghetti the Gnoll Transmuter began the quest for the Orb.
     0 | D:1      | Reached XP level 1. HP: 17/17 MP: 6/6
     0 | D:1      | magus.rc [v1.9.6]
   326 | D:1      | Reached XP level 2. HP: 16/23 MP: 5/7
   899 | D:1      | Learned a level 2 spell: Wereblood
  1115 | D:2      | You add the spells Ignite Poison, Mephitic Cloud and
                  | Freezing Cloud to your library.
  1138 | D:2      | Found a faded altar of an unknown god.
  1332 | D:2      | Gained mutation: You tend to lose your temper in combat.
                  | [potion of mutation]
  1335 | D:2      | Reached skill level 5 in Spellcasting
  1335 | D:2      | Reached XP level 3. HP: 14/28 MP: 7/9
  1339 | D:2      | HP: 10/42 [poisoned by an adder]
  1586 | D:2      | You pick up a book of Chaos and begin reading...
  1586 | D:2      | You add the spells Conjure Ball Lightning, Disjunction and
                  | Discord to your library.
  1589 | D:2      | You pick up a book of Flames and begin reading...
  1589 | D:2      | You add the spells Foxfire, Conjure Flame, Inner Flame and
                  | Flame Wave to your library.
  1796 | D:2      | Reached skill level 1 in Invocations
  1908 | D:2      | Learned a level 3 spell: Spider Form
  1912 | D:2      | Learned a level 3 spell: Ignite Poison
  1916 | D:2      | Learned a level 3 spell: Mephitic Cloud
  1989 | D:2      | Reached skill level 1 in Short Blades
  1989 | D:2      | Reached skill level 1 in Long Blades
  1989 | D:2      | Reached skill level 1 in Axes
  1989 | D:2      | Reached skill level 1 in Maces & Flails
  1989 | D:2      | Reached skill level 1 in Polearms
  1989 | D:2      | Reached skill level 1 in Staves
  1989 | D:2      | Reached skill level 1 in Slings
  1989 | D:2      | Reached skill level 1 in Bows
  1989 | D:2      | Reached skill level 1 in Crossbows
  1989 | D:2      | Reached skill level 1 in Throwing
  1989 | D:2      | Reached skill level 1 in Armour
  1989 | D:2      | Reached skill level 1 in Stealth
  1989 | D:2      | Reached skill level 1 in Shields
  1989 | D:2      | Reached skill level 1 in Evocations
  1993 | D:2      | Noticed Terence
  2007 | D:2      | Killed Terence
  2008 | D:2      | Reached XP level 4. HP: 28/34 MP: 7/11
  2100 | D:2      | Noticed a gnoll sergeant
  2121 | D:2      | Reached skill level 1 in Conjurations
  2121 | D:2      | Reached skill level 1 in Hexes
  2121 | D:2      | Reached skill level 1 in Summonings
  2121 | D:2      | Reached skill level 1 in Necromancy
  2121 | D:2      | Reached skill level 1 in Translocations
  2121 | D:2      | Reached skill level 1 in Fire Magic
  2121 | D:2      | Reached skill level 1 in Ice Magic
  2121 | D:2      | Reached skill level 1 in Air Magic
  2121 | D:2      | Reached skill level 1 in Earth Magic
  2121 | D:2      | Reached skill level 1 in Poison Magic
  2150 | D:3      | You pick up a book of Callings and begin reading...
  2150 | D:3      | You add the spells Summon Small Mammal, Call Canine
                  | Familiar and Summon Guardian Golem to your library.
  2161 | D:3      | You pick up a book of Blood and begin reading...
  2161 | D:3      | You add the spells Sublimation of Blood and Summon Hydra to
                  | your library.
  2563 | D:3      | Noticed a bullfrog
  2574 | D:3      | Killed a bullfrog
  2575 | D:3      | Reached skill level 3 in Fighting
  2575 | D:3      | Reached skill level 4 in Transmutations
  2575 | D:3      | Reached XP level 5. HP: 38/41 MP: 12/12
  3245 | D:2      | Reached skill level 2 in Invocations
  3245 | D:2      | Reached XP level 6. HP: 34/47 MP: 9/13
  3656 | D:3      | Reached skill level 5 in Dodging
  3865 | D:3      | You pick up a book of Storms and begin reading...
  3865 | D:3      | You add the spells Airstrike, Summon Lightning Spire and
                  | Lightning Bolt to your library.
  3926 | D:4      | Found a glowing drain.
  3944 | Sewer    | Entered a sewer
  3993 | Sewer    | Reached skill level 2 in Short Blades
  3993 | Sewer    | Reached skill level 2 in Long Blades
  3993 | Sewer    | Reached skill level 2 in Axes
  3993 | Sewer    | Reached skill level 2 in Maces & Flails
  3993 | Sewer    | Reached skill level 2 in Polearms
  3993 | Sewer    | Reached skill level 2 in Staves
  3993 | Sewer    | Reached skill level 2 in Slings
  3993 | Sewer    | Reached skill level 2 in Bows
  3993 | Sewer    | Reached skill level 2 in Crossbows
  3993 | Sewer    | Reached skill level 2 in Throwing
  3993 | Sewer    | Reached skill level 2 in Armour
  3993 | Sewer    | Reached skill level 2 in Stealth
  3993 | Sewer    | Reached skill level 2 in Shields
  3993 | Sewer    | Reached skill level 2 in Evocations
  4002 | Sewer    | HP: 10/47 [adder (2)]
  4588 | Sewer    | HP: 8/47 [river rat (6)]
  4995 | D:4      | Reached XP level 7. HP: 48/52 MP: 15/15
  5059 | D:4      | Found a radiant altar of Vehumet.
  5105 | D:4      | Learned a level 4 spell: Summon Lightning Spire
  5149 | D:4      | Reached skill level 7 in Unarmed Combat
  5627 | D:5      | Entered Level 5 of the Dungeon
  5713 | D:5      | Reached skill level 2 in Conjurations
  5713 | D:5      | Reached skill level 2 in Hexes
  5713 | D:5      | Reached skill level 2 in Summonings
  5713 | D:5      | Reached skill level 2 in Necromancy
  5713 | D:5      | Reached skill level 2 in Translocations
  5713 | D:5      | Reached skill level 2 in Fire Magic
  5713 | D:5      | Reached skill level 2 in Ice Magic
  5713 | D:5      | Reached skill level 2 in Air Magic
  5713 | D:5      | Reached skill level 2 in Earth Magic
  5713 | D:5      | Reached skill level 2 in Poison Magic
  5998 | D:5      | Reached skill level 3 in Invocations
  6252 | D:5      | Noticed Grinder
  6256 | D:5      | Paralysed by Grinder for 3 turns
  6257 | D:5      | Reached XP level 8. HP: 38/60 MP: 14/16
  6263 | D:5      | HP: 11/60 [Grinder (10)]
  6263 | D:5      | HP: 3/60 [orc wizard/+0 mace (3)]
  6263 | D:5      | HP: 1/60 [something (2)]
  6265 | D:5      | Paralysed by Grinder for 2 turns
  6268 | D:5      | Reached skill level 4 in Fighting
  6268 | D:5      | Reached skill level 3 in Short Blades
  6268 | D:5      | Reached skill level 3 in Long Blades
  6268 | D:5      | Reached skill level 3 in Axes
  6268 | D:5      | Reached skill level 3 in Maces & Flails
  6268 | D:5      | Reached skill level 3 in Polearms
  6268 | D:5      | Reached skill level 3 in Staves
  6268 | D:5      | Reached skill level 3 in Slings
  6268 | D:5      | Reached skill level 3 in Bows
  6268 | D:5      | Reached skill level 3 in Crossbows
  6268 | D:5      | Reached skill level 3 in Throwing
  6268 | D:5      | Reached skill level 3 in Armour
  6268 | D:5      | Reached skill level 3 in Stealth
  6268 | D:5      | Reached skill level 3 in Shields
  6268 | D:5      | Reached skill level 3 in Evocations
  6269 | D:5      | HP: 13/60 [iguana (13)]
  6271 | D:5      | Killed Grinder
  6272 | D:5      | Reached skill level 6 in Spellcasting
  6777 | D:5      | HP: 5/60 [gnoll sergeant/+0 trident (13)]
  6782 | D:5      | Slain by a gnoll sergeant

Vanquished Creatures
  Grinder (D:5)
  An ice beast (D:5)
  An ogre (D:5)
  A phantom (D:4)
  A bullfrog (D:3)
  A gnoll sergeant (D:2)
  2 scorpions (D:5)
  A hound (D:5)
  2 jellies
  An orc priest (D:3)
  Terence (D:2)
  2 iguanas (D:5)
  2 orc wizards (D:5)
  6 gnolls
  11 adders
  3 river rats (Sewer)
  2 shadow imps (D:5)
  2 dart slugs
  15 orcs
  12 bats
  5 endoplasms
  6 giant cockroaches
  5 goblins
  5 hobgoblins
  3 jackals
  5 quokkas
  15 ball pythons
  3 frilled lizards
  5 kobolds
  8 rats
128 creatures vanquished.

Vanquished Creatures (others)
  An orc wizard (D:5)
1 creature vanquished.

Grand Total: 129 creatures vanquished

Table legend:
 A = Non-vault XP
 B = Vault XP
 C = Vault XP percentage of total XP
 D = Non-vault monster count
 E = Vault monster count
 F = Vault count percentage of total count
                 A         B        C        D         E       F
            +---------+---------+-------+---------+---------+-------
      Total |    1248 |     563 |  31.1 |      91 |      38 |  29.5
            +---------+---------+-------+---------+---------+-------
        D:1 |      18 |       0 |   0.0 |       9 |       0 |   0.0
        D:2 |      65 |     150 |  69.8 |      20 |       4 |  16.7
        D:3 |     189 |       0 |   0.0 |      17 |       0 |   0.0
        D:4 |     201 |       8 |   3.8 |      20 |       6 |  23.1
        D:5 |     775 |     277 |  26.3 |      25 |       1 |   3.8
      Sewer |       0 |     128 | 100.0 |       0 |      27 | 100.0
            +---------+---------+-------+---------+---------+-------

Illustrated notes

Table legend:
 A = Kills in this place as a percentage of kills in entire the game.
 B = Kills by you in this place as a percentage of kills by you in the entire game.
 C = Kills by friends in this place as a percentage of kills by friends in the entire game.
 D = Other kills in this place as a percentage of other kills in the entire game.
 E = Experience gained in this place as a percentage of experience gained in the entire game.
 F = Experience gained in this place divided by the number of levels of this place that you have seen.
                   A       B       C       D       E      F
               +-------+-------+-------+-------+-------+----------------------
         Total | 100.0 | 100.0 |   N/A | 100.0 | 100.0 | 301.8
       Dungeon |  79.1 |  78.9 |   N/A | 100.0 |  92.9 | 336.6
         Sewer |  20.9 |  21.1 |   N/A |   0.0 |   7.1 | 128.0
               +-------+-------+-------+-------+-------+----------------------

Table legend: (Time is in decaauts)
 A = Elapsed time spent in this place.
 B = Non-inter-level travel time spent in this place.
 C = Inter-level travel time spent in this place.
 D = Time resting spent in this place.
 E = Time spent auto-exploring this place.
 F = Levels seen in this place.
 G = Mean time per level.
                   A        B        C        D        E       F      G
               +--------+--------+--------+--------+--------+-----+--------+
         Total |   6975 |   6831 |    144 |   1495 |   4270 |   6 | 1162.5 |
       Dungeon |   5880 |   5736 |    144 |   1490 |   3426 |   5 | 1176.0 |
         Sewer |   1094 |   1094 |      0 |      5 |    844 |   1 | 1094.0 |
               +--------+--------+--------+--------+--------+-----+--------+

Top non-repeatable levels by time:
     D:2: 1912 daAuts
   Sewer: 1094 daAuts
     D:3: 1032 daAuts
     D:5: 1023 daAuts
     D:4: 963 daAuts
     D:1: 947 daAuts
